 Dungeon Crawl Stone Soup version 0.30-b1-7-gcb88a99046 (webtiles) character file.

Game seed: 8791717356352765353

248 Strat the Chopper (level 5, 0/46 HPs)
             Began as a Minotaur Reaver on May 5, 2023.
             Splashed by a jelly's acid (6 damage)
             ... on level 4 of the Dungeon.
             The game lasted 00:05:21 (1296 turns).

Strat the Chopper (Minotaur Reaver)                 Turns: 1296, Time: 00:05:22

Health: 0/46       AC:  0    Str: 19    XL:     5   Next: 86%
Magic:  6/6        EV:  8    Int: 10    God:
Gold:   78         SH:  0    Dex:  8    Spells: 6/7 levels left

rFire   . . .        a - +0 war axe
rCold   . . .        (no shield)
rNeg    . . .        e - +0 chain mail
rPois   .            (helmet restricted)
rElec   .            (no cloak)
rCorr   .            (no gloves)
SInv    .            (no boots)
Will    .....        (no amulet) Stlth
                     (no ring)
HPRegen 0.27/turn    (no ring)
MPRegen 0.10/turn

%: no passive effects
@: brilliant, corroded
A: horns 2, retaliatory headbutt
a: no special abilities


You were on level 4 of the Dungeon.
You visited 1 branch of the dungeon, and saw 4 of its levels.

You collected 78 gold pieces.

Inventory:

Hand Weapons
 a - a +0 war axe (weapon)
 m - a +0 hand axe
Armour
 b - a +0 leather armour
 e - a +0 chain mail (worn)
Scrolls
 c - 2 scrolls of fear {unknown}
 g - a scroll of brand weapon {unknown}
 h - a scroll of silence {unknown}
 j - 2 scrolls of enchant armour {unknown}
 n - a scroll of teleportation {unknown}
Potions
 d - a potion of magic {unknown}
 f - a potion of ambrosia {unknown}
 i - a potion of brilliance
 k - a potion of degeneration {unknown}
 l - 3 potions of heal wounds {unknown}
 o - 2 potions of attraction {unknown}


   Skills:
 + Level 3.7 Fighting
 + Level 6.6 Axes
 + Level 2.5 Armour
 - Level 2.3 Dodging
 - Level 1.5 Spellcasting
 - Level 2.2 Conjurations


You had 6 spell levels left.
You knew the following spells:

 Your Spells              Type           Power      Damage    Failure   Level
a - Kiss of Death         Conj/Necr      16%        2d6       87%         1

Your spell library contained the following spells:

 Spells                   Type           Power      Damage    Failure   Level
 Momentum Strike          Conj/Tloc      8%         3d8       95%         2
 Ensorcelled Hibernation  Hex/Ice        2%         N/A       99%         2
 Passwall                 Tmut/Erth      0%         N/A       99%         2
 Hailstorm                Conj/Ice       4%         3d4       99%         3
 Swiftness                Air            1%         N/A       100%        3


Dungeon Overview and Level Annotations

Branches:
Dungeon (4/15)
 Temple: D:4-7

Altars:
Ru
Zin

Shops:
D:2 ?   D:3 *


Innate Abilities, Weirdness & Mutations

You have a pair of horns on your head.
You reflexively headbutt those who attack you in melee.


Message History

Things that are here:
an adder corpse; a hobgoblin corpse You see here a hound corpse.
You see here a scorpion corpse.
You see here a hobgoblin corpse.
An adder comes into view.
A scorpion comes into view.
The adder bites you but does no damage.
You miss the adder. You headbutt the adder!
The adder is almost dead.
The adder closely misses you. You furiously retaliate!
You headbutt the adder.
You kill the adder!
You see here an adder corpse.
An orc, a jelly and an iguana come into view.
The orc shouts!
The jelly quivers.
You hear an angry hiss.
You hear a slurping noise.
The jelly eats the door!
The jelly attacks as you move away! The jelly hits you. The acid corrodes you!
You are splashed with acid!
* * * LOW HITPOINT WARNING * * *
The quokka bites you but does no damage.
The quokka bites you but does no damage.
The quokka attacks as you move away! The quokka bites you.
* * * LOW HITPOINT WARNING * * *
The jelly attacks as you move away! The jelly hits you.
* * * LOW HITPOINT WARNING * * *
You are splashed with acid!
* * * LOW HITPOINT WARNING * * *
The jelly attacks as you move away! The jelly hits you.
* * * LOW HITPOINT WARNING * * *
The acid corrodes you!
You are splashed with acid!
* * * LOW HITPOINT WARNING * * *
It was a potion of brilliance.
You feel clever all of a sudden. The jelly hits you.
* * * LOW HITPOINT WARNING * * *
You are splashed with acid.
You die...

# .# ###.
#.. #.# #@#
##J# ###
####sr#
#...#....##
#.#...#o##
#..###..#
#.###. #.##
+...o.J##..#
. .. #...#.#


You could see a scorpion, a jelly, an orc and a quokka.

Vanquished Creatures
  A scorpion (D:4)
  A hound (D:4)
  An iguana (D:4)
  3 orc wizards (D:3)
  2 adders (D:4)
  A dart slug (D:3)
  2 orcs (D:3)
  4 bats
  3 endoplasms
  5 goblins
  2 hobgoblins (D:4)
  5 jackals
  4 kobolds
  2 quokkas
  5 ball pythons
  7 frilled lizards
  3 rats
51 creatures vanquished.

Notes
Turn   | Place    | Note
-------+----------+-------------------------------------------
     0 | D:1      | Strat the Minotaur Reaver began the quest for the Orb.
     0 | D:1      | Reached XP level 1. HP: 18/18 MP: 1/1
   357 | D:2      | Reached XP level 2. HP: 25/25 MP: 3/3
   382 | D:2      | Found a glowing silver altar of Zin.
   441 | D:2      | Reached skill level 4 in Axes
   561 | D:2      | Found Ryfa's Magic Scroll Shoppe.
   680 | D:3      | Reached XP level 3. HP: 27/30 MP: 4/4
   825 | D:3      | Reached skill level 5 in Axes
   832 | D:3      | Reached XP level 4. HP: 35/37 MP: 5/5
   974 | D:3      | Found a sacrificial altar of Ru.
   985 | D:3      | Reached skill level 6 in Axes
  1023 | D:3      | Found Nokiuzots's Assorted Antiques.
  1170 | D:4      | Reached skill level 1 in Armour
  1212 | D:4      | Noticed a scorpion
  1214 | D:4      | Reached XP level 5. HP: 45/45 MP: 6/6
  1296 | D:4      | Splashed by a jelly's acid

Illustrated notes

Levels and vault maps discovered:
D:1:      lemuel_arrival_behind_the_door_large, layout_basic
D:2:      layout_loops_ring, serial_shops, shop, basic_altar
D:3:      layout_basic, nicolae_ru_great_annihilating_truth, serial_shops,
          nicolae_shop_crystal
D:4:      layout_rooms, minmay_fractal_squares_diagonal_5, uniq_duvessa,
          uniq_natasha

Skill      XL: |  1  2  3  4  5 |
---------------+----------------+-----
Axes           | 4 5 6 |  6.6
Fighting       | 3 |  3.7
Armour         | 1 2 |  2.5
Dodging        | |  2.3
Spellcasting   | |  1.5
Conjurations   | |  2.2

Action                     |  1- 3 |  4- 6 || total
---------------------------+-------+-------++-------
  Melee: Hand axe          |    76 |     9 ||    85
         Headbutt          |    10 |     6 ||    16
         Punch             |     1 |       ||     1
         War axe           |       |    37 ||    37
    Use: Potion            |       |     1 ||     1
   Stab: Paralysed         |       |     1 ||     1
 Armour: Chain mail        |    57 |    21 ||    78
  Dodge: Dodged            |    27 |    26 ||    53
